 Dungeon Crawl Stone Soup version 0.17.0-26-gececa24 (webtiles) character file.

10353 MDvedh the Unseen (level 11, 0/50 HPs)
             Began as a Spriggan Enchanter on Nov 20, 2015.
             Was a Follower of Kikubaaqudgha.
             Slain by an ice beast (13 damage)
             ... on level 1 of the Lair of Beasts.
             The game lasted 00:29:53 (12313 turns).

MDvedh the Unseen (Spriggan Enchanter)             Turns: 12313, Time: 00:29:55

Health: 0/50       AC:  8    Str: 10    XL:     11   Next: 35%
Magic:  22/25      EV: 23    Int: 16    God:    Kikubaaqudgha [*.....]
Gold:   560        SH:  0    Dex: 21    Spells: 4 memorised, 20 levels left

rFire  . . .     SeeInvis +     I - +5 dagger (venom)
rCold  . . .     Clarity  .     b - +2 robe
rNeg   . . .     SustAt   +     (shield restricted)
rPois  .         Gourm    .     a - +1 hat
rElec  .         Spirit   .     m - +2 cloak {+Inv}
rCorr  .         Warding  .     (gloves unavailable)
rMut   .         Stasis   .     (boots unavailable)
MR     +....                    (no amulet)
Stlth  +++++++...               w - +6 ring of strength
                                l - ring of sustain attributes (curse)

@: very quick, somewhat resistant to hostile enchantments, extremely stealthy
A: unfitting armour, see invisible, herbivore 3, speed 3, slow metabolism 2
a: Receive Corpses, Renounce Religion, Evoke Invisibility


You were on level 1 of the Lair of Beasts.
You worshipped Kikubaaqudgha.
Kikubaaqudgha was aware of your devotion.
You were not hungry.

You visited 3 branches of the dungeon, and saw 13 of its levels.
You also visited: Sewer.

You collected 647 gold pieces.
You spent 87 gold pieces at shops.

Inventory:

Hand Weapons
 I - a +5 dagger of venom (weapon)
 J - a +1 scimitar of flaming
Armour
 a - a +1 hat (worn)
 b - a +2 robe (worn)
 m - a +2 cloak of invisibility (worn)
 y - a +0 buckler
Jewellery
 i - a +3 ring of intelligence
 l - a cursed ring of sustain attributes (left hand)
 w - a +6 ring of strength (right hand)
Wands
 t - a wand of draining (11)
 z - a wand of polymorph (14)
 G - a wand of teleportation (2)
Scrolls
 n - a scroll of remove curse
 q - a scroll of enchant armour
 r - 4 scrolls of enchant weapon
 s - 2 scrolls of teleportation
 v - 2 scrolls of fear
 A - 2 scrolls of blinking
 K - 2 scrolls of recharging
 M - 3 scrolls of identify
Potions
 e - 2 potions of magic
 f - 5 potions of agility
 g - 2 potions of resistance
 h - 2 potions of haste {unknown}
 j - 4 potions of curing
 k - a potion of might {unknown}
 o - 3 potions of flight {unknown}
 p - a potion of cancellation {unknown}
 u - 2 potions of invisibility {unknown}
 x - a potion of brilliance {unknown}
 C - a potion of berserk rage {unknown}
 D - 5 potions of heal wounds {unknown}
 E - a potion of degeneration {unknown}
 N - a potion of lignification {unknown}
Books
 c - a book of Maledictions

   Spells                             Type                      Level
   a - Corona                         Hexes                        1
   b - Ensorcelled Hibernation        Hexes/Ice                    2
   c - Confuse                        Hexes                        3
   d - Tukima's Dance                 Hexes                        3
   e - Dazzling Spray                 Conjuration/Hexes            3
 H - a book of Envenomations

   Spells                             Type                      Level
   a - Spider Form                    Transmutation/Poison         3
   b - Alistair's Intoxication        Transmutation/Poison         4
   c - Olgreb's Toxic Radiance        Poison                       4
   d - Poisonous Cloud                Conjuration/Poison/Air       6
 L - a book of Geomancy

   Spells                             Type                      Level
   a - Sandblast                      Earth                        1
   b - Stoneskin                      Transmutation/Earth          2
   c - Passwall                       Transmutation/Earth          3
   d - Stone Arrow                    Conjuration/Earth            3
   e - Petrify                        Transmutation/Earth          4
   f - Lee's Rapid Deconstruction     Earth                        5
 O - Kikubaaqudgha's Papyrus of Sinister Secrets
   (Kikubaaqudgha gifted it to you on level 10 of the Dungeon)

   Spells                             Type                      Level
   a - Pain                           Necromancy                   1
   b - Corpse Rot                     Necromancy                   2
   c - Sublimation of Blood           Necromancy                   2
   d - Vampiric Draining              Necromancy                   3
   e - Control Undead                 Necromancy                   4
Comestibles
 d - 2 bread rations
 B - 4 royal jellies
 F - 8 fruits


   Skills:
 + Level 1.7 Fighting
 - Level 10.1 Short Blades
 * Level 6.2 Dodging
 + Level 15.2 Stealth
 - Level 9.7 Spellcasting
 * Level 9.9 Hexes


You had 20 spell levels left.
You knew the following spells:

 Your Spells              Type           Power        Failure   Level  Hunger
a - Ensorcelled Hibernat  Hex/Ice        ###...       1%          2    None
b - Corona                Hex            #####..      1%          1    None
c - Confuse               Hex            #####...     1%          3    None
d - Tukima's Dance        Hex            #####...     1%          3    None


Dungeon Overview and Level Annotations

Branches:
Dungeon (11/15)            Temple (1/1) D:5            Lair (1/8) D:10
    Orc: D:9-12

Altars:
Ashenzari
Cheibriados
Dithmenos
Elyvilon
Fedhas
Gozag
Kikubaaqudgha
Makhleb
Nemelex Xobeh
Okawaru
Qazlal
Ru
Sif Muna
Trog
Vehumet
Xom
Yredelemnul
Zin
The Shining One

Shops:
D:6 *

Portals:
Ice
Cave: Lair:1


Innate Abilities, Weirdness & Mutations

You are tiny and cannot use many weapons and most armour.
You have supernaturally acute eyesight.
You are a herbivore.
You cover ground extremely quickly.
You need consume almost no food.


Message History

The ice beast is moderately wounded.
The ice beast barely misses you.
You hit the ice beast but do no damage.
The ice beast is moderately wounded.
Casting: Confuse
Confirm with . or Enter, or press ? or * to list all spells.
Aiming: Confuse
Press: ? - help, Shift-Dir - straight line, f - ice beast
Aim: an ice beast (chance to defeat MR: 67%)
The ice beast appears confused.
The ice beast hits you. The ice beast freezes you!
You strike the helpless ice beast from behind!
You stick the ice beast like a pincushion!!!
You kill the ice beast!
Kikubaaqudgha accepts your kill. The ice beast hits you.
* * * LOW HITPOINT WARNING * * *
The ice beast freezes you!
You die...
Kikubaaqudgha rasps: "You have failed me!
Welcome... death!"

..... ...... ......
...... #+##......
###......∩.. ###
###.#.#...Y...
#####.#####P.#..........
.......†#....+..@Y......
...%......#.##.........#
.(......P#####.........#
........## #..........
.........# #..........
........## #.........#
#.####### ..........#
#..# ######..#### #.##


You could see 2 ice beasts.

Vanquished Creatures
  Gastronok (D:9)
  Erica (D:9)
  Sonja (D:10)
  Maurice (D:8)
  Joseph (D:9)
  A spiny frog (Lair:1)
  2 trolls
  A wyvern (D:11)
  5 yaks (D:8)
  A hippogriff (D:9)
  5 wolves
  A deep elf fighter (D:10)
  Edmund (D:4)
  9 ice beasts
  3 sky beasts
  2 water moccasins
  3 ogres
  3 centaurs
  2 crocodiles (D:10)
  2 necrophages (D:10)
  8 giant frogs
  A big kobold (D:9)
  4 scorpions
  A quasit (D:8)
  7 orc wizards
  2 centaur skeletons
  2 crimson imps
  5 hounds
  A jelly (D:5)
  Crazy Yiuf (D:2)
  5 orc priests
  2 iguanas
  4 sheep (Lair:1)
  5 worker ants
  A hound skeleton (D:4)
  9 gnolls
  11 adders
  3 river rats (D:10)
  5 shadow imps
  4 oozes
  4 worms
  11 giant geckos
  32 orcs
  6 ball pythons
  17 bats
  16 giant cockroaches
  9 goblins
  8 hobgoblins
  7 jackals
  6 quokkas
  A giant gecko skeleton (D:6)
  A giant gecko zombie (D:5)
  8 giant newts
  11 kobolds
  3 quokka skeletons
  13 rats
280 creatures vanquished.

Vanquished Creatures (collateral kills)
  A two-headed ogre (D:8)
  Grum (D:8)
  An orc warrior (D:8)
  A shadow imp (D:8)
  4 orcs (D:8)
8 creatures vanquished.

Grand Total: 288 creatures vanquished

Notes
Turn   | Place    | Note
--------------------------------------------------------------
     0 | D:1      | MDvedh the Spriggan Enchanter began the quest for the Orb.
     0 | D:1      | Reached XP level 1. HP: 9/9 MP: 5/5
   162 | D:1      | Reached XP level 2. HP: 8/13 MP: 6/6
   166 | D:1      | Learned a level 2 spell: Ensorcelled Hibernation
   618 | D:1      | Reached skill level 5 in Stealth
  1092 | D:1      | Reached XP level 3. HP: 16/16 MP: 0/8
  2317 | D:2      | Reached XP level 4. HP: 7/21 MP: 6/9
  2720 | D:2      | Noticed Crazy Yiuf
  2724 | D:2      | Killed Crazy Yiuf
  2724 | D:2      | Reached skill level 5 in Hexes
  2877 | D:3      | Found a burning altar of Makhleb.
  3131 | D:3      | Reached skill level 6 in Stealth
  3217 | D:3      | Reached XP level 5. HP: 24/24 MP: 10/10
  3741 | D:3      | Noticed a centaur
  3781 | D:3      | Killed a centaur
  3781 | D:3      | Reached XP level 6. HP: 10/28 MP: 0/11
  4149 | D:3      | Noticed a phantom
  4183 | D:2      | Learned a level 3 spell: Confuse
  4344 | D:3      | Found a bloodstained altar of Trog.
  4497 | D:4      | Reached skill level 7 in Stealth
  4607 | D:4      | Reached XP level 7. HP: 32/32 MP: 2/12
  4755 | D:4      | Noticed Edmund
  4782 | D:4      | Killed Edmund
  4836 | D:4      | Found a glowing drain.
  4851 | Sewer    | Entered a sewer
  4879 | Sewer    | Reached skill level 8 in Stealth
  5280 | Sewer    | Reached skill level 5 in Short Blades
  5405 | D:4      | Found a bloodstained altar of Trog.
  5406 | D:4      | Found an iron altar of Okawaru.
  5411 | D:4      | Reached XP level 8. HP: 36/36 MP: 13/13
  5548 | D:4      | Found a blossoming altar of Fedhas.
  5614 | D:5      | Entered Level 5 of the Dungeon
  5675 | D:5      | Reached skill level 9 in Stealth
  5843 | D:5      | Found a sparkling altar of Nemelex Xobeh.
  6110 | D:5      | Found a glowing silver altar of Zin.
  6144 | D:5      | Found a staircase to the Ecumenical Temple.
  6357 | Temple   | Entered the Ecumenical Temple
  6799 | D:6      | Reached skill level 10 in Stealth
  6836 | D:6      | Found Suyfatul's Assorted Antiques.
  6844 | D:6      | Bought a scroll labeled XUJAOD XIRINEAMN for 30 gold pieces
  6844 | D:6      | Bought a scroll labeled XOVOLUPP EMPOGGAX for 30 gold pieces
  6846 | D:6      | Bought a dark potion for 27 gold pieces
  7283 | D:7      | Reached skill level 5 in Spellcasting
  7459 | D:7      | Found a deep blue altar of Sif Muna.
  7461 | D:7      | Found a shimmering altar of Xom.
  7544 | D:7      | Learned a level 3 spell: Tukima's Dance
  7570 | D:7      | Found a glowing golden altar of the Shining One.
  7611 | D:7      | Reached XP level 9. HP: 39/39 MP: 12/18
  7685 | D:7      | Found a sacrificial altar of Ru.
  7921 | D:8      | Reached skill level 11 in Stealth
  8197 | D:8      | Noticed Grum
  8244 | D:8      | Reached skill level 12 in Stealth
  8349 | D:8      | Killed Grum
  8633 | D:8      | Found a shattered altar of Ashenzari.
  8771 | D:8      | Noticed Maurice
  8785 | D:8      | Killed Maurice
  8785 | D:8      | Reached XP level 10. HP: 36/44 MP: 9/22
  8861 | D:8      | Reached skill level 13 in Stealth
  9696 | D:9      | Noticed Gastronok
  9711 | D:9      | Found a snail-covered altar of Cheibriados.
  9728 | D:9      | Killed Gastronok
  9728 | D:9      | Reached skill level 14 in Stealth
  9961 | D:9      | Found an ancient bone altar of Kikubaaqudgha.
  9982 | D:9      | Became a worshipper of Kikubaaqudgha
 10013 | D:9      | Noticed Erica
 10016 | D:9      | Killed Erica
 10016 | D:9      | Reached skill level 10 in Short Blades
 10113 | D:9      | Noticed Joseph
 10401 | D:9      | Killed Joseph
 10583 | D:10     | Entered Level 10 of the Dungeon
 10586 | D:10     | Noticed Sonja
 10589 | D:10     | Killed Sonja
 10589 | D:10     | Reached XP level 11. HP: 37/48 MP: 25/25
 10815 | D:10     | Reached * piety under Kikubaaqudgha
 10815 | D:10     | Received a gift from Kikubaaqudgha
 10840 | D:10     | Identified Kikubaaqudgha's Papyrus of Sinister Secrets (Kikubaaqudgha gifted it to you on level 10 of the Dungeon)
 10858 | D:10     | Reached skill level 1 in Fighting
 10879 | D:10     | Found a staircase to the Lair.
 11569 | D:11     | Reached skill level 5 in Dodging
 11618 | Lair:1   | Entered Level 1 of the Lair of Beasts
 11837 | Lair:1   | Reached skill level 15 in Stealth
 12025 | Lair:1   | Found a frozen archway.
 12313 | Lair:1   | Slain by an ice beast

Action                   |  1- 3 |  4- 6 |  7- 9 | 10-12 || total
-------------------------+-------+-------+-------+-------++-------
Melee: Dagger            |   136 |   184 |   339 |   301 ||   960
 Cast: Ensorcelled Hiber |    16 |    24 |    56 |    32 ||   128
       Confuse           |       |     1 |     3 |    12 ||    16
       Tukima's Dance    |       |       |     5 |     3 ||     8
       Corona            |       |       |       |     1 ||     1
  Use: Scroll            |       |       |    16 |     1 ||    17
 Stab: Sleeping          |    21 |    25 |    64 |    29 ||   139
       Distracted        |       |     2 |     5 |     2 ||     9
       Confused          |       |     2 |     3 |     6 ||    11
  Eat: Royal jelly       |       |     1 |       |       ||     1
       Bread ration      |       |     1 |     1 |       ||     2
